 Dungeon Crawl Stone Soup version 0.24-a0-530-g18ba70b503 (webtiles) character file.

Game seed: 9133209561404594333

196 Delarado the Changer (level 5, -2/33 HPs)
             Began as an Octopode Transmuter on Aug 9, 2019.
             Slain by an orc
             ... wielding a +0 falchion
              (7 damage)
             ... on level 3 of the Dungeon.
             The game lasted 00:11:20 (3259 turns).

Delarado the Changer (Octopode Transmuter)          Turns: 3259, Time: 00:11:20

Health: -2/33      AC:  1    Str: 11    XL:     5   Next: 75%
Magic:  8/8        EV: 13    Int: 15    God:
Gold:   141        SH:  0    Dex: 12    Spells: 5/8 levels left

rFire    . . .     SeeInvis .     - Unarmed
rCold    . . .     Gourm    .   (no shield)
rNeg     . . .     Faith    .   (helmet restricted)
rPois    .         Spirit   .   (no amulet)
rElec    .         Reflect  .   (no ring)
rCorr    .         Harm     .   (no ring)
MR       .....                  (no ring)
Stlth    ++........             (no ring)
HPRegen  0.11/turn              (no ring)
MPRegen  0.11/turn              (no ring)
                                (no ring)
                                (no ring)

@: appendage (expiring)
A: almost no armour, stealthy swim, amphibious, 8 rings, constrict 8, tentacle
spike 3, camouflage 1, gelatinous body 1
a: End Transformation


You were on level 3 of the Dungeon.
You were not hungry.
One of your tentacles had a temporary spike.
You visited 1 branch of the dungeon, and saw 3 of its levels.

You collected 141 gold pieces.

Inventory:

Missiles
 a - 4 arrows
 j - 141 stones (quivered)
Armour
 p - a +0 buckler
Wands
 m - a wand of flame (20)
Scrolls
 b - a scroll of amnesia
 d - a scroll of fear
 h - 3 scrolls of teleportation
 k - 2 scrolls of remove curse
 l - a scroll of enchant armour
Potions
 e - a potion of invisibility
 g - a potion of heal wounds
 n - a potion of mutation {unknown}
 o - a potion of agility
Comestibles
 c - 11 rations
 f - 3 chunks of flesh


   Skills:
 - Level 1.0 Fighting
 - Level 2.0 Dodging
 + Level 2.4 Shields
 - Level 3.0 Unarmed Combat
 - Level 2.0 Spellcasting
 + Level 5.0 Transmutations


You had 5 spell levels left.
You knew the following spells:

 Your Spells              Type           Power        Failure   Level  Hunger
a - Beastly Appendage     Tmut           ###...       2%          1    #......
b - Sticks to Snakes      Tmut           ###.....     4%          2    ###....

Your spell library contained the following spells:

 Spells                   Type           Power        Failure   Level  Hunger
 Spider Form              Tmut/Pois      #.........   24%         3    ###....
 Blade Hands              Tmut           ###.......   58%         5    ######.
 Ice Form                 Ice/Tmut       #.......     61%         4    #####..


Dungeon Overview and Level Annotations

Branches:
Dungeon (3/15)

Altars:
Yredelemnul

Annotations:
D:3 Terence


Innate Abilities, Weirdness & Mutations

You cannot wear most types of armour.
You are very stealthy in the water. (Stealth+)
You are amphibious.
You can wear up to eight rings at the same time.
You can use your tentacles to constrict eight enemies at once.
Your skin changes colour to match your surroundings (Stealth+).
Your rubbery body absorbs attacks. (AC +1, EV +1)
One of your tentacles bears a large vicious spike.


Message History

You constrict the orc.
The orc hits you with a cursed +0 trident.
You tentacle-slap the orc but do no damage.
You pierce the orc.
You kill the orc!
You barely miss the orc. Your grab misses the orc.
Your tentacle spike misses the orc.
The orc hits you with a +0 falchion.
* * * LOW HITPOINT WARNING * * *
You tentacle-slap the orc but do no damage.
Your grab misses the orc. Your squeeze misses the orc.
You tentacle-slap the orc but do no damage.
You grab the orc.
You pierce the orc, but do no damage.
You constrict the orc, but do no damage.
The orc hits you with a +0 falchion.
* * * LOW HITPOINT WARNING * * *
You tentacle-slap the orc.
You pierce the orc, but do no damage.
The orc is heavily wounded.
You constrict the orc, but do no damage.
The orc hits you with a +0 falchion!
You die...

.....##..#.##......#
#.# .....
...#.##......# #.# ..#
...#.##......#####.###
..........#.......#
#.................#
..................#
##..#####........#
##....)##).###.##
#....o@.....#
###.##)##.#.#
......#.# ###.####..
#.# #.% #.. ... #..
.... #..


You could see an orc.

Vanquished Creatures
  An orc priest (D:3)
  2 orc wizards (D:3)
  A worker ant zombie (D:2)
  An adder (D:2)
  2 worms
  A dart slug (D:2)
  A leopard gecko (D:1)
  12 orcs
  2 ball pythons
  9 bats
  2 gnoll zombies (D:3)
  5 goblins
  9 hobgoblins
  6 jackals
  7 kobolds
  5 frilled lizards
  3 rats
69 creatures vanquished.

Vanquished Creatures (collateral kills)
  An orc (D:3)
  A kobold (D:3)
2 creatures vanquished.

Grand Total: 71 creatures vanquished

Notes
Turn   | Place    | Note
-------+----------+-------------------------------------------
     0 | D:1      | Delarado the Octopode Transmuter began the quest for the
                  | Orb.
     0 | D:1      | Reached XP level 1. HP: 13/13 MP: 3/3
   307 | D:1      | Reached XP level 2. HP: 14/18 MP: 3/5
   599 | D:1      | Reached skill level 3 in Transmutations
   746 | D:1      | Learned a level 2 spell: Sticks to Snakes
   990 | D:2      | Reached XP level 3. HP: 19/23 MP: 0/6
  1629 | D:2      | Reached skill level 4 in Transmutations
  1637 | D:2      | Reached XP level 4. HP: 12/28 MP: 7/7
  2143 | D:3      | Reached skill level 1 in Shields
  2690 | D:3      | Found a basalt altar of Yredelemnul.
  2778 | D:3      | Noticed Terence
  2848 | D:3      | Reached XP level 5. HP: 33/33 MP: 6/8
  3246 | D:3      | Reached skill level 5 in Transmutations
  3259 | D:3      | Slain by an orc

Levels and vault maps discovered:
D:1:      dpeg_arrival_lava_temple_mockup, layout_basic,
          minmay_misc_feat_nine_boxes, minmay_curled_crystal,
          minmay_misc_feat_roman, st_stairs_8
D:2:      layout_basic, nicolae_overflow_hidden_temple
D:3:      layout_basic, lemuel_zombie_altar_yredelemnul, lemuel_crystal_altar,
          uniq_terence

Skill      XL: |  1  2  3  4  5 |
---------------+----------------+-----
Transmutations | 3 4 5 |  5.0
Shields        | 1 2 |  2.4
Fighting       | |  1.0
Dodging        | |  2.0
Unarmed Combat | |  3.0
Spellcasting   | |  2.0

Action                   |  1- 3 |  4- 6 || total
-------------------------+-------+-------++-------
Melee: Unarmed           |    77 |    86 ||   163
       Kick              |    16 |    26 ||    42
       Constrict         |    17 |    27 ||    44
       Tentacles         |     7 |    13 ||    20
       Punch             |     2 |     1 ||     3
Throw: Stone             |    13 |    35 ||    48
 Cast: Beastly Appendage |    22 |    22 ||    44
       Sticks to Snakes  |     3 |     4 ||     7
  Use: Scroll            |       |     6 ||     6
       Potion            |       |     2 ||     2
 Stab: Sleeping          |     2 |     1 ||     3
  Eat: Chunk             |     3 |     6 ||     9
Armor: Skin              |     7 |     6 ||    13
Dodge: Dodged            |    43 |    65 ||   108

Table legend:
 A = Non-vault XP
 B = Vault XP
 C = Vault XP percentage of total XP
 D = Non-vault monster count
 E = Vault monster count
 F = Vault count percentage of total count
                 A         B        C        D         E       F
            +---------+---------+-------+---------+---------+-------
      Total |     276 |       5 |   1.8 |      68 |       3 |   4.2
            +---------+---------+-------+---------+---------+-------
        D:1 |      22 |       2 |   8.3 |      12 |       1 |   7.7
        D:2 |      80 |       0 |   0.0 |      26 |       0 |   0.0
        D:3 |     174 |       3 |   1.7 |      30 |       2 |   6.2
            +---------+---------+-------+---------+---------+-------
